Map: Frost LE

Players

Gracz

  • Race: Terran Terran
  • League: Bronze

Strikers - Winner!

  • Race: Terran Terran

VOD

Have the link to the VOD?

Description

Time

  • Played on: Aug. 27, 2016, 7:41 p.m.
  • Length: 8:45
Show
View Real Time Build Order
Export as new Build Order

Gracz Terran 

Build Orders: Reaper Expand 

Get SALT Encoding   

  12  0:02  SCV  
  13  0:14  Supply Depot  
  13  0:19  SCV  
  14  0:41  SCV  
  15  0:46  Barracks  
  15  1:12  Refinery, SCV  
  16  1:24  SCV  
  17  1:36  SCV  
  18  1:48  Refinery  
  18  1:49  Orbital Command  
  18  1:56  Barracks Tech Lab  
  18  1:58  Command Center  
  18  2:42  Factory  
  18  2:54  Reaper  
  18  3:07  SCV  
  16  3:40  SCV  
  17  3:45  Orbital Command  
  17  3:52  SCV  
  18  4:16  Factory Tech Lab  
  18  4:17  Starport  
  18  4:27  Barracks Reactor  
  18  4:39  Starport  
  18  4:43  Armory  
  18  4:52  SCV  
  19  4:53  Barracks  
  19  5:04  SCV  
  20  5:17  SCV  
  20  5:18  Banshee x2  
  27  5:29  SCV  
  27  5:41  SCV  
  23  5:53  SCV  
  19  6:05  SCV  
  19  6:16  SCV  
  20  6:21  Banshee  
  23  6:28  SCV  
  24  6:34  Barracks Reactor  
  24  6:38  Reaper x2  
  26  6:40  SCV  
  27  6:52  SCV  
  28  7:04  SCV  
  28  7:05  Barracks  
  28  7:08  Cloaking Field  
  29  7:09  Barracks  
  29  7:40  Marine x3  
  32  7:48  SCV  
  32  7:51  Refinery, SCV  
  34  8:00  SCV  
  34  8:03  Barracks Reactor x2, SCV  
  36  8:06  Marine x2  
  38  8:13  Supply Depot  
  38  8:18  Supply Depot  
  38  8:21  Supply Depot  
  38  8:35  Starport  
Show
View Real Time Build Order
Export as new Build Order

Strikers Terran - Winner!

Build Orders:  

Get SALT Encoding   

  12  0:02  SCV  
  13  0:17  SCV  
  14  0:29  SCV  
  14  0:30  Supply Depot  
  15  0:45  Refinery  
  15  0:51  SCV  
  16  0:58  Barracks  
  16  1:04  SCV  
  17  1:16  SCV  
  18  1:28  SCV  
  19  1:40  SCV  
  19  1:45  Reaper  
  21  1:51  Supply Depot  
  21  1:52  SCV  
  22  2:05  Refinery  
  22  2:08  Orbital Command  
  22  2:17  Reaper  
  23  2:40  Command Center  
  23  2:49  Barracks, Marine  
  24  3:07  Marine  
  25  3:25  Marine  
  26  3:41  Barracks Reactor  
  26  3:43  Barracks Tech Lab  
  26  3:49  Engineering Bay  
  26  3:56  SCV  
  26  3:58  Factory  
  27  4:05  Marine  
  28  4:15  SCV  
  29  4:18  Terran Infantry Weapons Level 1  
  29  4:23  Marine  
  30  4:25  SCV  
  30  4:27  SCV  
  30  4:28  Reaper x2  
  34  4:37  SCV  
  35  4:41  Marine  
  36  4:49  Refinery, SCV  
  37  4:59  Marine x2  
  38  5:00  Marine  
  38  5:01  SCV  
  38  5:04  Widow Mine  
  43  5:13  Refinery, SCV  
  44  5:17  Marine x2, Marauder  
  48  5:25  SCV  
  49  5:31  Starport  
  49  5:32  Widow Mine  
  49  5:35  Marine  
  51  5:38  Marauder  
  53  6:11  Orbital Command  
  53  6:12  Terran Infantry Armor Level 1  
  53  6:13  Marine  
  54  6:29  Viking  
  54  6:30  Marine, Supply Depot  
  57  6:38  Reaper  
  57  6:39  Reaper  
  59  6:48  Marine  
  59  6:50  SCV  
  59  6:53  Supply Depot  
  61  6:59  Viking  
  63  7:02  SCV  
  63  7:06  Marine  
  65  7:10  Reaper  
  65  7:11  Reaper  
  65  7:14  SCV  
  68  7:24  Marine  
  68  7:26  Missile Turret, SCV  
  68  7:28  Viking  
  67  7:39  SCV  
  67  7:42  Marine x2  
  67  7:43  Marine  
  71  7:47  Missile Turret  
  71  7:51  SCV  
  72  7:52  Barracks  
  72  7:58  Viking  
  72  7:59  Marine  
  72  8:00  Marine, Supply Depot  
  72  8:01  Marine  
  72  8:03  SCV  
  78  8:07  Missile Turret  
  78  8:22  SCV  
  79  8:28  Command Center  
Tags
 
Add a new tag
Caveats
  • Supply blocks, unpowered buildings, or Contaminate may cause inaccurate times.
  • Supply counts are checked every 10 seconds.